 Dungeon Crawl Stone Soup version 0.22-a0-299-g43f9854 (webtiles) character file.

13429 Gorice the Fencer (level 11, 0/107 HPs)
             Began as a Minotaur Gladiator on Mar 25, 2018.
             Was a Priest of Zin.
             Slain by a killer bee (1 damage)
             ... on level 9 of the Dungeon.
             The game lasted 00:50:57 (14147 turns).

Gorice the Fencer (Minotaur Gladiator)             Turns: 14147, Time: 00:51:00

Health: 0/107      AC: 16    Str: 19    XL:     11   Next: 75%
Magic:  10/10      EV:  7    Int:  7    God:    Zin [***...]
Gold:   495        SH:  0    Dex: 13    Spells: 10/10 levels left

rFire    . . .     SeeInvis .   b - +2 dagger (venom)
rCold    . . .     Gourm    .   (no shield)
rNeg     . . .     Faith    .   H - +0 plate armour
rPois    .         Spirit   .   c - +1 hat
rElec    .         Reflect  .   o - +0 cloak
rCorr    +         Harm     .   z - +0 pair of gloves
MR       .....                  (no boots)
Stlth    ..........             (no amulet)
HPRegen  0.27/turn              C - ring of resist corrosion
MPRegen  0.12/turn              (no ring)

@: lethally poisoned (0 -> -18), about to teleport, drained
A: retaliatory headbutt, horns 2
a: Recite, Vitalisation, Imprison, Donate Gold, Renounce Religion


You were on level 9 of the Dungeon.
You worshipped Zin.
Zin was most pleased with you.
You were very hungry.

You visited 3 branches of the dungeon, and saw 12 of its levels.
You also visited: Sewer.

You collected 550 gold pieces.
You donated 55 gold pieces to Zin.

Inventory:

Hand Weapons
 a - a +0 long sword
 b - a +2 dagger of venom (weapon)
   (You took it off an orc wizard on level 4 of the Dungeon)
 B - a +0 blowgun
Missiles
 e - 6 curare-tipped needles
 g - 14 poisoned needles
 u - 4 javelins
 F - 2 tomahawks (quivered)
 Y - 368 stones
 Z - 4 throwing nets
Armour
 c - a +1 hat (worn)
 o - a +0 cloak (worn)
 t - a +2 scale mail of poison resistance
   (You took it off Terence on level 3 of the Dungeon)
 z - a +0 pair of gloves (worn)
 H - a +0 plate armour (worn)
Jewellery
 C - a ring of resist corrosion (left hand)
 E - an uncursed ring of wizardry
Wands
 v - a wand of flame (29)
 D - a wand of disintegration (17)
 J - a wand of scattershot (1)
Scrolls
 i - 2 scrolls of teleportation {!r}
 m - 10 scrolls of remove curse
 s - a scroll of magic mapping {!r}
 I - a scroll of blinking
 L - 2 scrolls of identify
Potions
 p - 7 potions of flight
 q - 2 potions of curing
 x - a potion of heal wounds {!q}
Comestibles
 f - 16 rations


   Skills:
 - Level 13.3(13.1) Fighting
 - Level 16.0(15.7) Long Blades
 - Level 2.0(1.8) Throwing
 * Level 7.3(7.1) Armour
 - Level 3.2(3.0) Dodging


You had 10 spell levels left.
You didn't know any spells.

Dungeon Overview and Level Annotations

Branches:
Dungeon (9/15)             Temple (1/1) D:7            Lair (2/6) D:8
  Swamp: Lair:2-4    Shoals: Lair:2-4     Snake: Lair:2-4    Spider: Lair:2-4
    Orc: D:9-12

Altars:
Ashenzari
Cheibriados
Dithmenos
Elyvilon
Fedhas
Gozag
Hepliaklqana
Kikubaaqudgha
Nemelex Xobeh
Okawaru
Qazlal
Ru
Sif Muna
Trog
Uskayaw
Vehumet
Wu Jian
Xom
Yredelemnul
Zin
The Shining One

Shops:
D:4 (

Annotations:
Lair:2 !!!!!!!!!!!!!!!!!!!!!!!!!!!!!!!!!!!!!!!!!!!!!!!!!!!!!!!!!!!1


Innate Abilities, Weirdness & Mutations

You reflexively headbutt those who attack you in melee.
You have a pair of horns on your head.


Message History

The killer bee stings you.
* * * LOW HITPOINT WARNING * * *
The killer bee completely misses you.
Damage: 4 (max 13)
You feel sick. The killer bee barely misses you.
The killer bee stings you but does no damage.
The killer bee stings you.
* * * LOW HITPOINT WARNING * * *
You are more poisoned.
The killer bee poisons you!
The killer bee stings you but does no damage.
Damage: 5 (max 13)
You feel sick. The killer bee closely misses you.
The killer bee stings you but does no damage.
Damage: 1 (max 13)
You feel sick.
The killer bee stings you but does no damage.
The killer bee stings you.
* * * LOW HITPOINT WARNING * * *
The killer bee barely misses you. The killer bee stings you!
* * * LOW HITPOINT WARNING * * *
Damage: 14 (max 14) Unknown command.
Really read
i - 3 scrolls of teleportation {!r}? [Y]es or [N]o only, please.
Really read
i - 3 scrolls of teleportation {!r}? [Y]es or [N]o only, please.
Really read
i - 3 scrolls of teleportation {!r}?
Okay, then.
Unknown command.
Unknown command.
Unknown command.
Really read
i - 3 scrolls of teleportation {!r}?
As you read the scroll of teleportation {!r}, it crumbles to dust.
You feel strangely unstable.
You feel sick. The killer bee barely misses you.
The killer bee stings you but does no damage. x2
The killer bee closely misses you. x2; You furiously retaliate!
You headbutt the killer bee! The killer bee stings you.
* * * LOW HITPOINT WARNING * * *
The killer bee stings you but does no damage.
The bullfrog hits you but does no damage.
Damage: 7 (max 14)
You feel sick. The killer bee stings you.
* * * LOW HITPOINT WARNING * * *
You are more poisoned.
The killer bee poisons you! The killer bee closely misses you.
The killer bee stings you!
* * * LOW HITPOINT WARNING * * *
The killer bee stings you.
You die...

...^#....≈#.#..### ....#
##..^≈≈..^.≈≈^.# #..!.
#......_.§§...# #....
#§§^≈^...(§^.## #....
#.§§#≈..^§.#≈###+###########...#
#.≈#≈#§..###≈##........#.†....##
#..^#.≈.^^##≈##y.........##.....
#....≈..^^≈...+yy...y.#####.....
##........§§#...@y.....# #.....
...#......#...##.F.....#####.....
.###......######.......'.........
.# #......# #.......#####..... ##
#......# #.......# #.....
#......# #.......# #.....
#####.## ##)###### #..... #....#
#†#### #..... #.#### #.)..#
######


You could see a queen bee, a bullfrog and 4 killer bees.

Vanquished Creatures
  4 two-headed ogres
  Pikel (D:7)
  5 spiny frogs
  2 komodo dragons
  A rime drake (Lair:2)
  Grinder (D:6)
  8 blink frogs
  3 hippogriffs
  Prince Ribbit (D:6)
  A yak (D:8)
  Eustachio (D:4)
  A hungry ghost (D:8)
  Edmund (D:4)
  Menkaure (D:6)
  2 water moccasins (Lair:1)
  5 porcupines
  An ice beast (D:7)
  2 sky beasts
  A phantom (D:6)
  3 orc warriors
  3 ogres
  7 wolves
  5 centaurs
  3 crocodiles (Lair:1)
  A big kobold (Sewer)
  10 bullfrogs
  A hornet simulacrum (D:8)
  A scorpion (D:5)
  4 killer bees (D:9)
  2 electric eels (D:5)
  6 crimson imps
  A jelly (D:8)
  2 quasits
  3 hounds
  2 bullfrog skeletons
  7 orc priests
  4 orc wizards
  Ijyb (D:2)
  A centaur skeleton (D:5)
  Terence (D:3)
  2 iguanas
  Natasha (thrice) (D:3)
  3 hell rats (Lair:2)
  4 worker ants
  A hound skeleton (D:6)
  A worker ant zombie (D:8)
  11 adders
  3 gnolls (D:1)
  2 river rats
  A shadow imp (D:9)
  3 white imps
  A howler monkey simulacrum (D:8)
  2 adder zombies (D:7)
  6 worms
  3 dart slugs
  4 leopard geckos
  26 orcs
  4 giant cockroaches
  12 goblins
  5 hobgoblins
  13 jackals
  5 quokkas
  3 ball pythons
  2 bats
  8 frilled lizards
  A jackal simulacrum (D:8)
  A jackal zombie (D:7)
  11 kobolds
  2 quokka skeletons
  8 rats
  3 plants (Lair:1)
264 creatures vanquished.

Vanquished Creatures (others)
  A slave (D:7)
  A quokka (D:7)
  3 fungi (Lair:2)
5 creatures vanquished.

Grand Total: 269 creatures vanquished

Notes
Turn   | Place    | Note
-------+----------+-------------------------------------------
     0 | D:1      | Gorice the Minotaur Gladiator began the quest for the Orb.
     0 | D:1      | Reached XP level 1. HP: 18/18 MP: 0/0
    62 | D:1      | Reached skill level 4 in Long Blades
   266 | D:1      | Reached XP level 2. HP: 25/25 MP: 1/1
   753 | D:1      | Reached skill level 5 in Long Blades
   979 | D:2      | Reached XP level 3. HP: 29/30 MP: 2/2
  1251 | D:1      | HP: 5/30 [gnoll/flail (6)]
  1257 | D:1      | HP: 2/30 [gnoll/flail (3)]
  1637 | D:2      | Reached skill level 6 in Long Blades
  1637 | D:2      | Reached XP level 4. HP: 33/37 MP: 3/3
  1994 | D:2      | Found a sparkling altar of Nemelex Xobeh.
  2333 | D:3      | Noticed Terence
  2535 | D:3      | Noticed Ijyb
  2560 | D:2      | Killed Ijyb
  2560 | D:2      | Reached skill level 7 in Long Blades
  2560 | D:2      | Reached XP level 5. HP: 38/42 MP: 4/4
  2629 | D:2      | HP: 9/42 [orc priest/nerve-wracking pain (11)]
  3022 | D:3      | Found a sacrificial altar of Ru.
  3023 | D:3      | Found a basalt altar of Yredelemnul.
  3121 | D:3      | Reached skill level 8 in Long Blades
  3169 | D:3      | Noticed Natasha
  3178 | D:3      | Killed Natasha
  3178 | D:3      | Reached XP level 6. HP: 50/50 MP: 5/5
  3200 | D:3      | Killed Terence
  3327 | D:3      | Noticed Natasha
  3337 | D:3      | Killed Natasha
  3383 | D:3      | Noticed Natasha
  3393 | D:3      | Killed Natasha
  3735 | D:4      | Reached skill level 9 in Long Blades
  3987 | D:4      | Found a blossoming altar of Fedhas.
  4019 | D:4      | Reached XP level 7. HP: 44/56 MP: 6/6
  4133 | D:4      | Found Fileusaamp's Weapon Shop.
  4154 | D:4      | Noticed Edmund
  4173 | D:4      | Killed Edmund
  4173 | D:4      | Reached skill level 10 in Long Blades
  4275 | D:4      | Noticed Eustachio
  4293 | D:4      | Killed Eustachio
  4293 | D:4      | Reached skill level 3 in Fighting
  4345 | D:4      | Found a hide-covered altar of Uskayaw.
  4632 | D:5      | Entered Level 5 of the Dungeon
  4649 | D:5      | Found a transporter.
  4678 | D:5      | Found a glowing drain.
  4724 | Sewer    | Entered a sewer
  4824 | Sewer    | Reached skill level 11 in Long Blades
  4872 | Sewer    | Reached XP level 8. HP: 66/66 MP: 7/7
  4912 | Sewer    | Found a white marble altar of Elyvilon.
  5062 | D:5      | Found a glowing golden altar of the Shining One.
  5121 | D:5      | Found a deep blue altar of Sif Muna.
  5305 | D:5      | Reached skill level 4 in Fighting
  5371 | D:5      | Found a transporter.
  5868 | D:6      | Reached skill level 5 in Fighting
  5868 | D:6      | Reached skill level 12 in Long Blades
  6332 | D:6      | Noticed Grinder
  6338 | D:6      | Paralysed by Grinder for 6 turns
  6347 | D:6      | Killed Grinder
  6347 | D:6      | Reached skill level 6 in Fighting
  6486 | D:6      | Noticed Prince Ribbit
  6648 | D:6      | Killed Prince Ribbit
  6648 | D:6      | Reached XP level 9. HP: 72/78 MP: 8/8
  6687 | D:6      | Found a shadowy altar of Dithmenos.
  6699 | D:6      | Reached skill level 7 in Fighting
  7030 | D:6      | Noticed Menkaure
  7041 | D:6      | Killed Menkaure
  7041 | D:6      | Reached skill level 13 in Long Blades
  7339 | D:6      | Reached skill level 8 in Fighting
  7442 | D:7      | Found a deep blue altar of Sif Muna.
  7742 | D:7      | Noticed Pikel
  7756 | D:7      | Killed Pikel
  7756 | D:7      | Reached skill level 9 in Fighting
  7830 | D:7      | Found a white marble altar of Elyvilon.
  7854 | D:7      | Reached skill level 14 in Long Blades
  7965 | D:7      | Found a hazy altar of Hepliaklqana.
  8063 | D:7      | Found a staircase to the Ecumenical Temple.
  8076 | Temple   | Entered the Ecumenical Temple
  8272 | Temple   | Became a worshipper of Zin the Law-Giver
  8272 | Temple   | Reached * piety under Zin
  8444 | D:8      | Noticed a two-headed ogre
  8833 | D:7      | Killed a two-headed ogre
  8833 | D:7      | Reached XP level 10. HP: 90/93 MP: 9/9
  8877 | D:7      | Reached skill level 10 in Fighting
  8957 | D:8      | Noticed a two-headed ogre
  9207 | D:8      | Killed a two-headed ogre
  9243 | D:8      | Reached ** piety under Zin
  9434 | D:8      | Found a staircase to the Lair.
  9622 | D:8      | Noticed a two-headed ogre
  9651 | D:8      | Reached skill level 11 in Fighting
  9653 | D:8      | Killed a two-headed ogre
  9653 | D:8      | Reached skill level 15 in Long Blades
  9779 | D:8      | Noticed a two-headed ogre
  9796 | D:8      | Killed a two-headed ogre
 10369 | Lair:1   | Entered Level 1 of the Lair of Beasts
 10384 | D:8      | Reached skill level 12 in Fighting
 10686 | Lair:1   | Reached XP level 11. HP: 91/104 MP: 10/10
 11253 | Lair:1   | Reached skill level 16 in Long Blades
 11501 | Lair:1   | Reached skill level 1 in Armour
 11685 | Lair:1   | Reached *** piety under Zin
 12008 | Lair:1   | Reached skill level 2 in Armour
 12390 | Lair:1   | Reached skill level 3 in Armour
 12485 | Lair:2   | Reached skill level 13 in Fighting
 12535 | Lair:2   | Reached skill level 4 in Armour
 12553 | Lair:2   | HP: 31/107 [blink frog (11)]
 12641 | Lair:2   | HP: 31/107 [wolf (6)]
 12704 | Lair:2   | HP: 15/107 [rime drake/flash freeze (30)]
 12709 | Lair:2   | HP: 15/107 [bullfrog (1)]
 12711 | Lair:2   | HP: 7/107 [bullfrog (6)]
 12711 | Lair:2   | Zin protects you from harm!
 12716 | Lair:1   | HP: 20/107 [poisoned by a spiny frog]
 12721 | Lair:1   | HP: 16/107 [poisoned by a spiny frog]
 12727 | Lair:1   | HP: 15/107 [poisoned by a spiny frog]
 12733 | Lair:1   | HP: 14/107 [poisoned by a spiny frog]
 12741 | Lair:1   | HP: 14/107 [poisoned by a spiny frog]
 13206 | Lair:2   | Reached skill level 5 in Armour
 13319 | Lair:2   | Reached skill level 6 in Armour
 13325 | Lair:2   | HP: 32/107 [poisoned by a spiny frog]
 13330 | Lair:2   | HP: 27/107 [poisoned by a spiny frog]
 13335 | Lair:2   | HP: 24/107 [poisoned by a spiny frog]
 13341 | Lair:2   | HP: 22/107 [poisoned by a spiny frog]
 13346 | Lair:2   | HP: 21/107 [poisoned by a spiny frog]
 13353 | Lair:2   | HP: 21/107 [poisoned by a spiny frog]
 13361 | Lair:2   | HP: 21/107 [poisoned by a spiny frog]
 13427 | Lair:2   | HP: 25/107 [hell rat (11)]
 13453 | Lair:2   | HP: 23/107 [porcupine (6)]
 13965 | D:9      | Found a stormy altar of Qazlal.
 14061 | D:9      | Reached skill level 7 in Armour
 14145 | D:9      | HP: 32/107 [poisoned by a killer bee]
 14146 | D:9      | HP: 12/107 [killer bee (5)]
 14147 | D:9      | HP: 1/107 [killer bee (7)]
 14147 | D:9      | Slain by a killer bee

Vault maps used:
D:1:      minmay_arrival_five_plusses, minmay_shallow_snake_nest
D:2:      cheibrodos_old_hovel, overflow_temple_1_default, first_ration
D:3:      grunt_temple_overflow_open, kennysheep_nondescript, uniq_terence,
          uniq_ijyb, uniq_natasha
D:4:      overflow_temple_1_default, serial_shops,
          nicolae_shop_temple_entry_statues_fountains,
          fedhas_bush_and_centaur_altar, uniq_edmund, uniq_eustachio
D:5:      gammafunk_steamed_eel, marbit_many_paths, portal_sewer_entry_a,
          tso_altar
D:6:      grunt_dithmenos_shadows, uniq_grinder, uniq_menkaure,
          uniq_prince_ribbit1
D:7:      elyvilon_altar_4, kennysheep_mini, temple_hall, basic_altar,
          uniq_pikel
D:8:      grunt_lair_entry_orc_guard_hut, serial_ice, serial_ice_h,
          serial_ice_l, serial_ice_m, serial_ice_a
D:9:      grunt_qazlal_sundering, bloody_makhleb, david_nohive_1, uniq_joseph
Temple:   nicolae_temple_figure_eight
Lair:1:   wad_woods_road_05
Sewer:    sewer_kobolds

Skill      XL: |  1  2  3  4  5  6  7  8  9 10 11 |
---------------+----------------------------------+-----
Long Blades    | 4 5 6 7 8 9 11 12 14 15 16 | 16.0
Fighting       | 3 6 9 12 13 | 13.3
Armour         | 7 |  7.3
Throwing       | |  2.0
Dodging        | |  3.2

Action                   |  1- 3 |  4- 6 |  7- 9 | 10-12 || total
-------------------------+-------+-------+-------+-------++-------
Melee: Long sword        |    58 |   135 |   266 |   336 ||   795
       Headbutt          |    12 |    32 |    64 |    98 ||   206
       Dagger            |       |    34 |    49 |    24 ||   107
 Fire: Blowgun           |       |       |     4 |     7 ||    11
Throw: Stone             |       |    20 |       |       ||    20
       Throwing net      |       |     1 |       |       ||     1
       Tomahawk          |       |     7 |    17 |    14 ||    38
       Javelin           |       |       |    17 |    29 ||    46
Evoke: Wand              |       |       |     4 |     2 ||     6
  Use: Scroll            |       |    11 |     5 |     7 ||    23
       Potion            |       |       |       |     1 ||     1
  Eat: Chunk             |     2 |     8 |    13 |    12 ||    35
       Ration            |       |       |     1 |     1 ||     2
Armor: Leather armour    |    10 |    10 |       |       ||    20
       Ring mail         |       |    13 |       |       ||    13
       Chain mail        |       |    35 |       |       ||    35
       Scale mail        |       |    18 |   131 |    66 ||   215
       Plate armour      |       |       |       |    58 ||    58
Dodge: Dodged            |    24 |    92 |   146 |   170 ||   432
       Rpst.: Long sword |     8 |    21 |    19 |    37 ||    85

Table legend:
 A = Spawn XP
 B = Non-spawn XP
 C = Spawn XP percentage of total XP
 D = Spawn monster count
 E = Non-spawn monster count
 F = Spawn count percentage of total count
 G = Total turns spent on level
                    A         B        C        D         E        F      G
               +---------+---------+-------+---------+---------+-------+---------
         Total |       0 |   19185 |   0.0 |       0 |     261 |   0.0 | 14147
               +---------+---------+-------+---------+---------+-------+---------
           D:1 |       0 |      81 |   0.0 |       0 |      23 |   0.0 |  1384
           D:2 |       0 |     201 |   0.0 |       0 |      26 |   0.0 |  1436
           D:3 |       0 |     215 |   0.0 |       0 |      32 |   0.0 |   856
           D:4 |       0 |     748 |   0.0 |       0 |      26 |   0.0 |   956
           D:5 |       0 |     625 |   0.0 |       0 |      18 |   0.0 |  1160
           D:6 |       0 |    1669 |   0.0 |       0 |      23 |   0.0 |  1269
           D:7 |       0 |    2374 |   0.0 |       0 |      21 |   0.0 |  1476
           D:8 |       0 |    4642 |   0.0 |       0 |      27 |   0.0 |  1910
           D:9 |       0 |     867 |   0.0 |       0 |      15 |   0.0 |   315
        Lair:1 |       0 |    4235 |   0.0 |       0 |      22 |   0.0 |  2243
        Lair:2 |       0 |    3402 |   0.0 |       0 |      16 |   0.0 |   662
         Sewer |       0 |     126 |   0.0 |       0 |      12 |   0.0 |   271
               +---------+---------+-------+---------+---------+-------+---------

Table legend:
 A = Turns spent in this place as a percentage of turns spent in the entire game.
 B = Non-inter-level travel turns spent in this place as a percentage of non-inter-level travel turns spent in the entire game.
 C = Inter-level travel turns spent in this place as a percentage of turns spent in this place.
 D = Turns resting spent in this place as a percentage of non-inter-level travel turns spent in this place.
 E = Turns spent auto-exploring this place as a percentage of non-inter-level travel turns spent in this place.
 F = Non-inter-level travel turns spent in this place divided by the number of levels of this place that you've seen.
                   A       B       C       D       E      F
               +-------+-------+-------+-------+-------+----------------------
         Total | 100.0 | 100.0 |   4.4 |  34.5 |  34.8 | 1040.8
       Dungeon |  76.1 |  76.1 |   4.3 |  31.9 |  37.7 | 1143.9
        Temple |   1.5 |   1.5 |   5.3 |   0.0 |  93.4 | 198.0
          Lair |  20.5 |  20.4 |   4.8 |  50.0 |  20.8 | 1383.0
         Sewer |   1.9 |   2.0 |   0.0 |   0.0 |  22.5 | 271.0
               +-------+-------+-------+-------+-------+----------------------

Vault maps used:
D:1:      minmay_arrival_five_plusses, minmay_shallow_snake_nest
D:2:      cheibrodos_old_hovel, overflow_temple_1_default, first_ration
D:3:      grunt_temple_overflow_open, kennysheep_nondescript, uniq_terence,
          uniq_ijyb, uniq_natasha
D:4:      overflow_temple_1_default, serial_shops,
          nicolae_shop_temple_entry_statues_fountains,
          fedhas_bush_and_centaur_altar, uniq_edmund, uniq_eustachio
D:5:      gammafunk_steamed_eel, marbit_many_paths, portal_sewer_entry_a,
          tso_altar
D:6:      grunt_dithmenos_shadows, uniq_grinder, uniq_menkaure,
          uniq_prince_ribbit1
D:7:      elyvilon_altar_4, kennysheep_mini, temple_hall, basic_altar,
          uniq_pikel
D:8:      grunt_lair_entry_orc_guard_hut, serial_ice, serial_ice_h,
          serial_ice_l, serial_ice_m, serial_ice_a
D:9:      grunt_qazlal_sundering, bloody_makhleb, david_nohive_1, uniq_joseph
Temple:   nicolae_temple_figure_eight
Lair:1:   wad_woods_road_05
Sewer:    sewer_kobolds
